 Dungeon Crawl Stone Soup version 0.19-a0-459-gb8ed64d (webtiles) character file.

93 Kidiri the Firebug (level 4, -2/24 HPs)
             Began as a Deep Elf Fire Elementalist on June 2, 2016.
             Killed from afar by Sigmund (14 damage)
             ... with a puff of flame
             ... on level 2 of the Dungeon.
             The game lasted 00:06:59 (1855 turns).

Kidiri the Firebug (Deep Elf Fire Elementalist)     Turns: 1855, Time: 00:07:00

Health: -2/24      AC:  2    Str:  5    XL:     4   Next: 37%
Magic:  12/12      EV: 13    Int: 21    God:
Gold:   105        SH:  0    Dex: 15    Spells: 4 memorised, 2 levels left

rFire  . . .     SeeInvis .     d - +0 dagger
rCold  . . .     Gourm    .     a - +0 robe
rNeg   . . .     Faith    .     (no shield)
rPois  +         Spirit   .     (no helmet)
rElec  .         Dismiss  .     (no cloak)
rCorr  .         Reflect  .     (no gloves)
SustAt .         Harm     +     (no boots)
MR     .....                    g - amulet of harm (curse)
Stlth  ++........               (no ring)
                                e - ring of poison resistance

@: not resistant to hostile enchantments, unstealthy
A: no striking features
a: no special abilities


You were on level 2 of the Dungeon.
You were not hungry.

You visited 1 branch of the dungeon, and saw 2 of its levels.

You collected 105 gold pieces.

Inventory:

Hand Weapons
 d - a +0 dagger (weapon)
Armour
 a - a +0 robe (worn)
Jewellery
 e - a ring of poison resistance (left hand)
 g - a cursed amulet of harm (around neck)
Scrolls
 i - a scroll of enchant weapon {unknown}
 j - a scroll of remove curse {unknown}
Potions
 h - 2 potions of curing
 k - a potion of flight {unknown}
 l - a potion of haste {unknown}
Books
 b - a book of Flames

   Spells                             Type                      Level
   a - Flame Tongue                   Conjuration/Fire             1
   b - Throw Flame                    Conjuration/Fire             2
   c - Conjure Flame                  Conjuration/Fire             3
   d - Inner Flame                    Hexes/Fire                   3
   e - Sticky Flame                   Conjuration/Fire             4
   f - Fireball                       Conjuration/Fire             5
Comestibles
 c - a bread ration
 f - 3 chunks of flesh


   Skills:
 - Level 2.4 Dodging
 - Level 2.4 Stealth
 * Level 4.0 Spellcasting
 * Level 2.9 Conjurations
 * Level 4.4 Fire Magic


You had 2 spell levels left.
You knew the following spells:

 Your Spells              Type           Power        Failure   Level  Hunger
a - Flame Tongue          Conj/Fire      ###..        2%          1    None
b - Throw Flame           Conj/Fire      ###...       4%          2    #......
c - Conjure Flame         Conj/Fire      ###.....     10%         3    ###....
d - Inner Flame           Hex/Fire       ##......     17%         3    ###....


Dungeon Overview and Level Annotations

Branches:
Dungeon (2/15)

Altars:
Cheibriados
Zin

Annotations:
D:2 Sigmund


Message History

You puncture Sigmund!
Sigmund is heavily wounded.
Sigmund gestures wildly while chanting.
Sigmund flickers and vanishes!
Deactivating autopickup; reactivate with Ctrl-A.
Casting: Throw Flame
Confirm with . or Enter, or press ? or * to list all spells.
Okay, then.
Unknown command.
Unknown command.
Unknown command.
A magic dart appears from out of thin air!
The magic dart hits you!
Ouch! That really hurt!
There is an open door, spattered with blood here.
Unknown command.
A puff of flame appears from out of thin air!
The puff of flame hits you!
Ouch! That really hurt!
You die...

#..... #..... #####.
##.. ###########
##..#
#.........###..##
##.........##..##
#.............###
#@..............##
###'####.....####...
#.....###.#....#####
#.._.{# #.####.#
#.###.# ### #.#####
###$### #.#....
##$$$####### #......
#$$$# #...###.....[
##### #.#..........


There were no monsters in sight!

Vanquished Creatures
  4 adders (D:2)
  An ooze (D:1)
  A worm (D:2)
  3 dart slugs
  A ball python (D:2)
  4 bats
  2 giant cockroaches
  5 goblins
  5 hobgoblins
  4 jackals (D:2)
  A quokka (D:2)
  2 giant newts (D:1)
  6 kobolds
  6 rats
45 creatures vanquished.

Notes
Turn   | Place    | Note
--------------------------------------------------------------
     0 | D:1      | Kidiri the Deep Elf Fire Elementalist began the quest for the Orb.
     0 | D:1      | Reached XP level 1. HP: 10/10 MP: 6/6
   322 | D:1      | Reached XP level 2. HP: 15/15 MP: 5/8
   326 | D:1      | Learned a level 2 spell: Throw Flame
   838 | D:2      | Reached XP level 3. HP: 7/19 MP: 6/10
   844 | D:2      | Learned a level 3 spell: Conjure Flame
   848 | D:2      | Learned a level 3 spell: Inner Flame
  1038 | D:2      | Found a snail-covered altar of Cheibriados.
  1328 | D:2      | Reached XP level 4. HP: 24/24 MP: 5/11
  1850 | D:2      | Found a glowing silver altar of Zin.
  1851 | D:2      | Noticed Sigmund
  1855 | D:2      | Killed from afar by Sigmund

Vault maps used:
D:1:      dpeg_arrival_round_b, minivault_25, minmay_crystal_water
D:2:      cheibriados_altar_1, zin_treasury, uniq_sigmund

Skill      XL: |  1  2  3  4 |
---------------+-------------+-----
Conjurations   | 2 |  2.9
Fire Magic     | 4 |  4.4
Spellcasting   | 4 |  4.0
Dodging        | |  2.4
Stealth        | |  2.4

Action                   |  1- 3 |  4- 6 || total
-------------------------+-------+-------++-------
Melee: Dagger            |     5 |     2 ||     7
 Cast: Flame Tongue      |    39 |     9 ||    48
       Throw Flame       |    14 |    12 ||    26
  Use: Scroll            |     3 |       ||     3
 Stab: Sleeping          |       |     1 ||     1
  Eat: Chunk             |     2 |     1 ||     3
Armor: Robe              |     3 |       ||     3
Dodge: Dodged            |    16 |     2 ||    18
